[Event "1st Bangalore GM-Open-A 2024"]
[Site "Bangalore"]
[Date "2024.01.18"]
[Round "1.23"]
[White "Nitish Belurkar"]
[Black "Arun Kataria"]
[Result "1-0"]
[ECO "B90"]
[WhiteElo "2435"]
[BlackElo "2079"]
[Annotator "RC"]
[PlyCount "69"]
[EventDate "2024.01.20"]
[EventType "swiss"]
[EventCountry "IND"]
[SourceTitle "playchess.com"]
[Source "ChessBase"]
[SourceQuality "1"]
[TimeControl "5400+30"]

1. e4 c5 2. Nf3 d6 3. d4 cxd4 4. Nxd4 Nf6 5. Nc3 a6 6. Nb3 e5 7. h3 Be6 8. Be3 Nbd7 9. g4 h6 10. Qd2 Rc8 11. O-O-O b5 12. f4 Be7 13. Kb1 Qc7 14. Bg2 Nb6 15. Bxb6 Qxb6 16. Nd5 Bxd5 17. exd5 Nd7 18. Na5 O-O 19. Nc6 Rfe8 20. Be4 Bh4 21. Rhf1 Rc7 22. g5 Nc5 23. Bf5 exf4 24. gxh6 Bg5 25. hxg7 Re3 26. Rg1 f6 27. h4 Rxg7 28. hxg5 fxg5 29. Qd4 Qc7 30. Qf6 Qf7 31. Qxd6 Qxf5 32. Qxc5 g4 33. Nd4 Qh5 34. Qc8+ Re8 35. Qf5 1-0

[Event "1st Bangalore GM-Open-A 2024"]
[Site "Bangalore"]
[Date "2024.01.18"]
[Round "1.24"]
[White "Ivana Maria, Furtado"]
[Black "Sharan, Rao"]
[Result "1/2-1/2"]
[ECO "D38"]
[WhiteElo "2072"]
[BlackElo "2433"]
[Annotator "RC"]
[PlyCount "202"]
[EventDate "2024.01.20"]
[EventType "swiss"]
[EventCountry "IND"]
[SourceTitle "playchess.com"]
[Source "ChessBase"]
[SourceQuality "1"]
[TimeControl "5400+30"]

1. d4 Nf6 2. c4 e6 3. Nf3 d5 4. Nc3 Bb4 5. Qa4+ Nc6 6. a3 Bxc3+ 7. bxc3 Bd7 8. Qc2 O-O 9. Bg5 Na5 10. cxd5 exd5 11. e3 h6 12. Bh4 c5 13. Bd3 c4 14. Bh7+ Kh8 15. Bf5 Nb3 16. Rb1 Ba4 17. Qb2 a5 18. Ne5 Ra6 19. O-O Qd6 20. f3 Nd7 21. Nxd7 Bxd7 22. Bg3 Qe7 23. Bxd7 Qxd7 24. e4 Re8 25. Rbe1 Rae6 26. e5 Ra6 27. Qc2 g6 28. f4 Qf5 29. Qxf5 gxf5 30. Re2 b5 31. Rd1 Kg7 32. Be1 Kf8 33. a4 bxa4 34. Ra2 Ke7 35. Rxa4 Kd7 36. Kf2 Kc6 37. Ke3 Kb5 38. Ra3 Rg8 39. g3 h5 40. h4 Rag6 41. Kf3 Rd8 42. Bf2 f6 43. Be3 Rd7 44. Rg1 Rg4 45. Rg2 fxe5 46. fxe5 Re4 47. Rg1 Rg7 48. Rd1 Rgg4 49. Bf4 Kc6 50. Ra2 Kd7 51. Rh1 Ke6 52. Rb2 Rg8 53. Ra2 Rb8 54. Rd1 Rb6 55. Ra4 Kd7 56. Ra2 Kc6 57. Ra4 Kb5 58. Ra3 a4 59. Be3 Ra6 60. Bf4 Rg6 61. Ra2 Rg4 62. Rh1 Ka5 63. Rd1 Kb5 64. Rh1 Rg8 65. Rd1 Ra8 66. Ra3 Ra7 67. Bg5 Ra6 68. Bf4 Kc6 69. Bg5 Kd7 70. Bf4 Ra8 71. Bg5 Rg4 72. Bf4 Rg6 73. Bg5 Rb6 74. Bf4 Ke6 75. Bg5 Rb7 76. Be3 Ra6 77. Re1 Rg7 78. Bf4 Ra8 79. Rd1 Rb7 80. Be3 Rg7 81. Bf4 Kd7 82. Re1 Rg6 83. Rd1 Rg4 84. Re1 Ke6 85. Rd1 Rg7 86. Re1 Ra5 87. Rd1 Ra6 88. Re1 Rb7 89. Be3 Rbb6 90. Rd1 Rb8 91. Re1 Raa8 92. Rd1 Ra6 93. Re1 Rba8 94. Rd1 Rg8 95. Bf4 Ra5 96. Re1 Rb8 97. Be3 Ra6 98. Rd1 Rba8 99. Re1 Rg8 100. Rd1 Rb8 101. Re1 Rba8 1/2-1/2

[Event "1st Bangalore GM-Open-A 2024"]
[Site "Bangalore"]
[Date "2024.01.18"]
[Round "1.25"]
[White "Mohammad Nubairshah Shaikh"]
[Black "Priyanka, K."]
[Result "1/2-1/2"]
[ECO "D78"]
[WhiteElo "2428"]
[BlackElo "2068"]
[Annotator "RC"]
[PlyCount "90"]
[EventDate "2024.01.20"]
[EventType "swiss"]
[EventCountry "IND"]
[SourceTitle "playchess.com"]
[Source "ChessBase"]
[SourceQuality "1"]
[TimeControl "5400+30"]

1. Nf3 Nf6 2. g3 g6 3. b3 Bg7 4. Bb2 O-O 5. Bg2 c5 6. c4 d6 7. d4 d5 8. dxc5 Qa5+ 9. Nbd2 dxc4 10. O-O c3 11. Nc4 Qxc5 12. Bxc3 Nc6 13. Nfe5 Nxe5 14. Bxe5 Be6 15. Qd4 Qxd4 16. Bxd4 Nd5 17. Rfd1 Rad8 18. Bxg7 Kxg7 19. Rd3 b5 20. Na3 Nb4 21. Rxd8 Rxd8 22. Nxb5 Nxa2 23. Nxa7 Bxb3 24. Nc6 Rd1+ 25. Rxd1 Bxd1 26. Kf1 Kf6 27. Ke1 Ba4 28. Kd2 Bxc6 29. Bxc6 Nb4 30. Bb7 Ke5 31. f4+ Kd4 32. e3+ Kc5 33. g4 h6 34. h4 Nd5 35. Kd3 Nf6 36. g5 hxg5 37. hxg5 Ne8 38. Bf3 Kd6 39. Bd1 e5 40. Bb3 exf4 41. Bxf7 fxe3 42. Bxg6 Ng7 43. Bf7 Ne6 44. g6 Nf4+ 45. Kxe3 Nxg6 1/2-1/2

[Event "1st Bangalore GM-Open-A 2024"]
[Site "Bangalore"]
[Date "2024.01.18"]
[Round "1.26"]
[White "Nimay Agrawal"]
[Black "Ilamparthi A R"]
[Result "0-1"]
[ECO "C41"]
[WhiteElo "2067"]
[BlackElo "2426"]
[Annotator "RC"]
[PlyCount "118"]
[EventDate "2024.01.20"]
[EventType "swiss"]
[EventCountry "IND"]
[SourceTitle "playchess.com"]
[Source "ChessBase"]
[SourceQuality "1"]
[TimeControl "5400+30"]

1. e4 d6 2. d4 Nf6 3. Nc3 e5 4. Nf3 Nbd7 5. Bc4 Be7 6. a4 O-O 7. O-O c6 8. h3 h6 9. Be3 Re8 10. Re1 Bf8 11. d5 Qc7 12. Bb3 cxd5 13. Nxd5 Nxd5 14. Bxd5 Nf6 15. c4 Nxd5 16. cxd5 f5 17. exf5 Bxf5 18. Nh4 Bh7 19. Qg4 g5 20. Nf5 Qf7 21. Ng3 Qxd5 22. h4 Qe6 23. Qxe6+ Rxe6 24. hxg5 hxg5 25. Bxg5 Rc8 26. Rac1 Rc6 27. b4 d5 28. b5 Rc5 29. Rcd1 Bc2 30. Rd2 Bxa4 31. Ra2 Bxb5 32. Rxa7 Ba6 33. Ra8 Kf7 34. Rd8 Bd6 35. Nf5 Bc7 36. Rd7+ Kg6 37. Rg7+ Kxf5 38. g4+ Kxg4 39. Be3+ Kf5 40. Bxc5 Ba5 41. Re3 d4 42. Reg3 Bd2 43. Rf7+ Ke4 44. Rg4+ Bf4 45. Ba3 Be2 46. Rgxf4+ exf4 47. Re7 Rxe7 48. Bxe7 Kd3 49. f3 Kc2 50. Bg5 d3 51. Bxf4 d2 52. Bxd2 Kxd2 53. f4 b5 54. f5 b4 55. f6 Bc4 56. f7 Bxf7 57. Kf2 b3 58. Kf3 b2 59. Kf4 b1=Q 0-1

[Event "1st Bangalore GM-Open-A 2024"]
[Site "Bangalore"]
[Date "2024.01.18"]
[Round "1.27"]
[White "Tahbaz, Arash"]
[Black "Gourav Nigam"]
[Result "1-0"]
[ECO "A24"]
[WhiteElo "2425"]
[BlackElo "2059"]
[Annotator "RC"]
[PlyCount "87"]
[EventDate "2024.01.20"]
[EventType "swiss"]
[EventCountry "IND"]
[SourceTitle "playchess.com"]
[Source "ChessBase"]
[SourceQuality "1"]
[TimeControl "5400+30"]

1. Nf3 Nf6 2. g3 g6 3. Bg2 Bg7 4. O-O O-O 5. c4 d6 6. Nc3 e5 7. d3 c6 8. Rb1 Re8 9. Nd2 d5 10. b4 Be6 11. b5 Nbd7 12. a4 Rc8 13. bxc6 bxc6 14. cxd5 Nxd5 15. Bb2 f5 16. Qc1 Bh6 17. Ba3 Qa5 18. Bb2 Rb8 19. Rd1 Kg7 20. Ba1 Rxb1 21. Ncxb1 Qxa4 22. Nc3 Qa6 23. Nxd5 cxd5 24. f4 Rc8 25. Qb1 Kf7 26. Bxe5 Nxe5 27. fxe5 Be3+ 28. Kh1 Qb6 29. Qa2 Rc5 30. Nf1 d4 31. Qa3 Bh6 32. Rb1 Qxb1 33. Qxa7+ Ke8 34. Qxc5 Be3 35. Qc6+ Kf7 36. Qc7+ Kf8 37. Qd8+ Kg7 38. Qf6+ Kh6 39. Qxe6 Qe1 40. Qa2 Qf2 41. Nxe3 dxe3 42. h3 Qxg3 43. Qa1 f4 44. Qf1 1-0

[Event "1st Bangalore GM-Open-A 2024"]
[Site "Bangalore"]
[Date "2024.01.18"]
[Round "1.28"]
[White "Kiran, Manisha Mohanty"]
[Black "Hesham, Abdelrahman"]
[Result "1-0"]
[ECO "B95"]
[WhiteElo "2058"]
[BlackElo "2424"]
[Annotator "RC"]
[PlyCount "129"]
[EventDate "2024.01.20"]
[EventType "swiss"]
[EventCountry "IND"]
[SourceTitle "playchess.com"]
[Source "ChessBase"]
[SourceQuality "1"]
[TimeControl "5400+30"]

1. e4 c5 2. Nf3 d6 3. d4 cxd4 4. Nxd4 Nf6 5. Nc3 a6 6. Bg5 e6 7. Qe2 Be7 8. h4 h6 9. Be3 b5 10. a3 Bb7 11. f3 Qc7 12. O-O-O d5 13. exd5 Nxd5 14. Nxd5 Bxd5 15. Qf2 Nc6 16. Nf5 Bf6 17. Qg3 Ne5 18. Nxg7+ Ke7 19. Nh5 Bb3 20. Rd2 Rhd8 21. Qf4 Rxd2 22. Qxf6+ Kd7 23. Kxd2 Qxc2+ 24. Ke1 Qb1+ 25. Kf2 Qxb2+ 26. Kg3 Rg8+ 27. Kh3 Bc2 28. Ng3 Rg6 29. Qf4 Nc6 30. Bc5 Qe5 31. Qxe5 Nxe5 32. Be2 f5 33. Bd4 Nc6 34. Bc3 f4 35. Nf1 e5 36. Nd2 Kc7 37. Rc1 Bf5+ 38. Kh2 Kb6 39. Bb4 h5 40. Bc5+ Kb7 41. Ne4 Kc7 42. Rd1 Rg8 43. Nf6 Rh8 44. Rd6 Kb7 45. Bd3 Bxd3 46. Rd7+ Kc8 47. Rxd3 Rh6 48. Rd6 Kb7 49. Rd7+ Kc8 50. Rf7 Nd8 51. Rf8 Kc7 52. Ne4 Ne6 53. Bd6+ Kc6 54. Rf5 Nd4 55. Rxe5 Rxd6 56. Nxd6 Kxd6 57. Rxh5 a5 58. Rh6+ Ke7 59. Ra6 a4 60. Rb6 Kd7 61. h5 Ke7 62. Kh3 Kf7 63. Kg4 Nc2 64. Rxb5 Nxa3 65. Rb4 1-0

[Event "1st Bangalore GM-Open-A 2024"]
[Site "Bangalore"]
[Date "2024.01.18"]
[Round "1.29"]
[White "Kaustuv, Kundu"]
[Black "Shadhursshaan R"]
[Result "0-1"]
[ECO "E60"]
[WhiteElo "2423"]
[BlackElo "2058"]
[Annotator "RC"]
[PlyCount "104"]
[EventDate "2024.01.20"]
[EventType "swiss"]
[EventCountry "IND"]
[SourceTitle "playchess.com"]
[Source "ChessBase"]
[SourceQuality "1"]
[TimeControl "5400+30"]

1. Nf3 Nf6 2. c4 c5 3. b3 g6 4. Bb2 Bg7 5. g3 O-O 6. Bg2 Nc6 7. O-O d6 8. d4 cxd4 9. Nxd4 Bd7 10. Nc3 Nxd4 11. Qxd4 Bc6 12. Nd5 Bxd5 13. Bxd5 Qc7 14. Bf3 Ne8 15. Qd2 Bxb2 16. Qxb2 Rb8 17. Rac1 Nf6 18. Rfd1 Rfc8 19. g4 Qa5 20. h4 b5 21. g5 Ne8 22. c5 dxc5 23. Rd7 e6 24. h5 c4 25. b4 Qb6 26. Qe5 Rd8 27. Rcd1 Rxd7 28. Rxd7 Rd8 29. Rxd8 Qxd8 30. h6 a6 31. Qc5 Qc7 32. Qe3 c3 33. Be4 Qc4 34. Bc2 Qxb4 35. f4 Kf8 36. Qe5 Ke7 37. Kf2 Qd6 38. Qe4 Nc7 39. Kf3 Qd5 40. Qxd5 Nxd5 41. a3 b4 42. a4 Kd6 43. e4 Nb6 44. Ke3 Nc4+ 45. Kd3 Kc5 46. Bb3 Na5 47. Bd1 Nc4 48. Bg4 a5 49. Bh3 Nb2+ 50. Kc2 Kc4 51. Bf1+ Kd4 52. f5 Kxe4 0-1

[Event "1st Bangalore GM-Open-A 2024"]
[Site "Bangalore"]
[Date "2024.01.18"]
[Round "1.30"]
[White "Vaibhav Jayant Raut"]
[Black "Deepan Chakkravarthy J."]
[Result "0-1"]
[ECO "A20"]
[WhiteElo "2052"]
[BlackElo "2422"]
[Annotator "RC"]
[PlyCount "96"]
[EventDate "2024.01.20"]
[EventType "swiss"]
[EventCountry "IND"]
[SourceTitle "playchess.com"]
[Source "ChessBase"]
[SourceQuality "1"]
[TimeControl "5400+30"]

1. c4 e5 2. g3 c6 3. Nf3 e4 4. Nd4 d5 5. cxd5 cxd5 6. Bg2 Nc6 7. Nxc6 bxc6 8. d3 f5 9. Qc2 Bd7 10. Nc3 Nf6 11. O-O Be7 12. Na4 O-O 13. Nc5 Ng4 14. d4 Bc8 15. f3 Nf6 16. Bf4 Re8 17. Rac1 Bd6 18. Bxd6 Qxd6 19. f4 Rb8 20. Qc3 h6 21. e3 Re7 22. Bh3 g6 23. Rf2 h5 24. Nb3 Rb6 25. Bf1 h4 26. gxh4 Rh7 27. Rg2 Kg7 28. Qe1 Bd7 29. Be2 Be8 30. Kh1 Kh8 31. Qg3 Rbb7 32. Qg5 Nh5 33. Rcg1 Ng7 34. Rg3 Qf8 35. Rh3 Ne6 36. Qg3 Rbg7 37. Qe1 Qf6 38. Ba6 c5 39. Bc8 Nxf4 40. exf4 cxd4 41. Qb4 d3 42. Nd4 a5 43. Qb8 Qxd4 44. Bd7 Rg8 45. Bxe8 d2 46. Qb3 Rxe8 47. h5 e3 48. Rhg3 e2 0-1

[Event "1st Bangalore GM-Open-A 2024"]
[Site "Bangalore"]
[Date "2024.01.18"]
[Round "1.31"]
[White "Adireddy Arjun"]
[Black "Hiren K G"]
[Result "1-0"]
[ECO "B41"]
[WhiteElo "2415"]
[BlackElo "2052"]
[Annotator "RC"]
[PlyCount "103"]
[EventDate "2024.01.20"]
[EventType "swiss"]
[EventCountry "IND"]
[SourceTitle "playchess.com"]
[Source "ChessBase"]
[SourceQuality "1"]
[TimeControl "5400+30"]

1. e4 c5 2. Nf3 a6 3. c4 e6 4. d4 cxd4 5. Nxd4 Nf6 6. Bd3 Nc6 7. Nxc6 dxc6 8. O-O e5 9. Qe2 Bc5 10. Be3 Qb6 11. Bxc5 Qxc5 12. h3 Be6 13. Nd2 Rd8 14. Nb3 Qb4 15. Rac1 O-O 16. Rc3 Qe7 17. Nd2 c5 18. Rd1 Nd7 19. Bc2 Nb8 20. Ba4 Rd4 21. Nf3 b5 22. Bb3 Rxd1+ 23. Qxd1 b4 24. Rd3 f6 25. Rd6 Kf7 26. Ba4 Qc7 27. Nh4 g6 28. b3 Ke7 29. Rd2 Bc8 30. Nf3 Bb7 31. Re2 Rd8 32. Qc1 Kf8 33. h4 Kg7 34. h5 Qe7 35. Qe3 Rd1+ 36. Re1 Rxe1+ 37. Nxe1 Bc6 38. Bxc6 Nxc6 39. Nd3 Nd4 40. hxg6 hxg6 41. f4 exf4 42. Nxf4 Nf5 43. Nxg6 Nxe3 44. Nxe7 Nd1 45. Nd5 Nc3 46. Nc7 a5 47. Ne6+ Kf7 48. Nxc5 Nxa2 49. Kf2 Nc1 50. Ke3 Nxb3 51. Nxb3 a4 52. Nc5 1-0

[Event "1st Bangalore GM-Open-A 2024"]
[Site "Bangalore"]
[Date "2024.01.18"]
[Round "1.32"]
[White "Simhadri Sai Hrushikesh"]
[Black "Vishnu Prasanna. V"]
[Result "1/2-1/2"]
[ECO "B32"]
[WhiteElo "2050"]
[BlackElo "2413"]
[Annotator "RC"]
[PlyCount "76"]
[EventDate "2024.01.20"]
[EventType "swiss"]
[EventCountry "IND"]
[SourceTitle "playchess.com"]
[Source "ChessBase"]
[SourceQuality "1"]
[TimeControl "5400+30"]

1. e4 c5 2. Nf3 Nc6 3. d4 cxd4 4. Nxd4 e5 5. Nb5 d6 6. N1c3 a6 7. Na3 Be6 8. Nc4 Rb8 9. a4 Nf6 10. Bg5 Nd4 11. Nd5 Bxd5 12. exd5 g6 13. c3 Nf5 14. Bd3 Bh6 15. Bxf6 Qxf6 16. Qf3 Ke7 17. g4 Nh4 18. Qxf6+ Kxf6 19. Nxd6 Ke7 20. Ne4 f5 21. gxf5 gxf5 22. Ng3 e4 23. Be2 Kd6 24. Rd1 Rhe8 25. Nh5 Re5 26. Rd4 Rf8 27. Ng3 Ng2+ 28. Kd1 Rxd5 29. Rxd5+ Kxd5 30. f3 Ke5 31. fxe4 Rd8+ 32. Kc2 Rd2+ 33. Kb3 f4 34. Bf3 Nh4 35. Bg4 f3 36. Rf1 Rxh2 37. Bxf3 Rh3 38. Rh1 Rxh1 1/2-1/2

[Event "1st Bangalore GM-Open-A 2024"]
[Site "Bangalore"]
[Date "2024.01.18"]
[Round "1.33"]
[White "Viani Antonio Dcunha"]
[Black "Vrashank Chouhan"]
[Result "1-0"]
[ECO "C07"]
[WhiteElo "2407"]
[BlackElo "2046"]
[Annotator "RC"]
[PlyCount "113"]
[EventDate "2024.01.20"]
[EventType "swiss"]
[EventCountry "IND"]
[SourceTitle "playchess.com"]
[Source "ChessBase"]
[SourceQuality "1"]
[TimeControl "5400+30"]

1. e4 e6 2. d4 d5 3. Nd2 c5 4. exd5 Qxd5 5. Ngf3 cxd4 6. Bc4 Qd6 7. O-O Nf6 8. Qe2 Nc6 9. Rd1 Be7 10. Bb5 Bd7 11. Nb3 O-O 12. Nbxd4 Qc7 13. Bxc6 Bxc6 14. Ne5 Be4 15. Bf4 Qb6 16. Bg5 Bg6 17. Bxf6 Bxf6 18. Nd7 Qxb2 19. Nxf8 Rxf8 20. Qc4 Qa3 21. c3 a6 22. Qb3 Qxb3 23. axb3 Rc8 24. Ne2 Bc2 25. Rd7 Bxb3 26. Rxb7 Bc4 27. Ng3 h6 28. Ne4 Be5 29. Re1 Bd5 30. Ra7 f5 31. Ng3 Bxc3 32. Rc1 Rc6 33. Ne2 Be5 34. Rxc6 Bxc6 35. Rxa6 Bd5 36. g3 Kf7 37. Ra3 g5 38. Nc3 Bxc3 39. Rxc3 Kf6 40. Kf1 g4 41. Ke2 Be4 42. Ke3 e5 43. Rc8 Kg5 44. Rb8 Bg2 45. Rb5 Kf6 46. Rb6+ Kg5 47. Re6 f4+ 48. Kd2 fxg3 49. hxg3 e4 50. Ke3 Bf3 51. Re5+ Kg6 52. Kf4 Kf6 53. Ra5 Kg7 54. Kf5 Kf7 55. Ra7+ Ke8 56. Kg6 Kd8 57. Kxh6 1-0

[Event "1st Bangalore GM-Open-A 2024"]
[Site "Bangalore"]
[Date "2024.01.18"]
[Round "1.35"]
[White "De Silva, L M S T"]
[Black "Barath Kalyan M"]
[Result "1-0"]
[ECO "C41"]
[WhiteElo "2398"]
[BlackElo "2040"]
[Annotator "RC"]
[PlyCount "151"]
[EventDate "2024.01.20"]
[EventType "swiss"]
[EventCountry "IND"]
[SourceTitle "playchess.com"]
[Source "ChessBase"]
[SourceQuality "1"]
[TimeControl "5400+30"]

1. e4 d6 2. d4 Nf6 3. Nc3 e5 4. Nf3 Nbd7 5. Bc4 Be7 6. O-O O-O 7. a4 c6 8. Ba2 h6 9. dxe5 dxe5 10. Qe2 a5 11. h3 Nh7 12. Be3 Qc7 13. Nd2 Bg5 14. Nc4 Bxe3 15. Qxe3 Ng5 16. Rad1 Ne6 17. Ne2 Ndc5 18. b3 b5 19. Nd6 b4 20. f4 exf4 21. Nxf4 Ba6 22. Nxe6 Nxe6 23. Rf2 Qa7 24. Qg3 Nd4 25. Kh1 Rad8 26. Rdd2 Ne6 27. e5 Rd7 28. c4 bxc3 29. Qxc3 Qc5 30. Qg3 Ng5 31. Rc2 Qb6 32. Rf4 Re7 33. Rg4 Bc8 34. Rgc4 Bd7 35. h4 Nh7 36. Re2 Be6 37. Rf4 Qc5 38. Bb1 Rb8 39. Bc2 Rb4 40. Ne4 Qxe5 41. Nf6+ Qxf6 42. Bxh7+ Kxh7 43. Rxf6 gxf6 44. Kg1 Rd7 45. Qc3 f5 46. Qe5 Rd5 47. Qc7 Rd7 48. Qe5 Rd5 49. Qf6 Rd1+ 50. Kh2 Rdd4 51. h5 c5 52. Rxe6 fxe6 53. Qg6+ Kh8 54. Qxh6+ Kg8 55. Qxe6+ Kg7 56. Qg6+ Kh8 57. Qf6+ Kg8 58. Qe6+ Kg7 59. Qg6+ Kh8 60. Qxf5 Rh4+ 61. Kg1 Rhg4 62. Qxc5 Kg7 63. Qxa5 Kh6 64. Qe5 Rbe4 65. Qd5 Rd4 66. Qf3 Rdf4 67. Qe3 Kxh5 68. a5 Re4 69. Qd2 Rd4 70. Qc2 Rge4 71. a6 Kg4 72. a7 Re1+ 73. Kf2 Re6 74. a8=Q Rf4+ 75. Qf3+ Rxf3+ 76. gxf3+ 1-0

[Event "1st Bangalore GM-Open-A 2024"]
[Site "Bangalore"]
[Date "2024.01.18"]
[Round "1.36"]
[White "Mahindrakar Indrajeet"]
[Black "Venkatesh, M.R."]
[Result "1/2-1/2"]
[ECO "D00"]
[WhiteElo "2039"]
[BlackElo "2392"]
[Annotator "RC"]
[PlyCount "97"]
[EventDate "2024.01.20"]
[EventType "swiss"]
[EventCountry "IND"]
[SourceTitle "playchess.com"]
[Source "ChessBase"]
[SourceQuality "1"]
[TimeControl "5400+30"]

1. d4 Nf6 2. Bg5 d5 3. Bxf6 exf6 4. e3 c6 5. g3 Bd6 6. Bg2 Bf5 7. Ne2 Na6 8. a3 Qd7 9. Nd2 Bh3 10. Bxh3 Qxh3 11. c4 O-O 12. Qb3 Rab8 13. cxd5 Qg2 14. Rg1 Qxh2 15. dxc6 bxc6 16. Qa4 Nc7 17. Qxc6 Rb6 18. Qd7 Ne6 19. Nc4 Rd8 20. Qxa7 Rc6 21. Nxd6 Rcxd6 22. Qb7 Qh5 23. Nf4 Qa5+ 24. Qb4 Qc7 25. Nxe6 fxe6 26. Kf1 Rc6 27. Kg2 Rb8 28. Qa4 Qb7 29. d5 exd5 30. Rgd1 Rc4 31. b4 Rc3 32. Rd4 Ra8 33. Qd1 Raxa3 34. Rxa3 Rxa3 35. e4 h6 36. exd5 Qa6 37. Qg4 Ra1 38. Rc4 f5 39. Qd4 Re1 40. Qc5 Rd1 41. b5 Qg6 42. Rc1 Rd2 43. b6 f4 44. b7 Qxg3+ 45. Kf1 Qd3+ 46. Kg1 Qg6+ 47. Kf1 Qd3+ 48. Kg1 Qg6+ 49. Kf1 1/2-1/2

[Event "1st Bangalore GM-Open-A 2024"]
[Site "Bangalore"]
[Date "2024.01.18"]
[Round "1.37"]
[White "Ritviz, Parab"]
[Black "Swati Ghate"]
[Result "1-0"]
[ECO "C54"]
[WhiteElo "2391"]
[BlackElo "2034"]
[Annotator "RC"]
[PlyCount "59"]
[EventDate "2024.01.20"]
[EventType "swiss"]
[EventCountry "IND"]
[SourceTitle "playchess.com"]
[Source "ChessBase"]
[SourceQuality "1"]
[TimeControl "5400+30"]

1. e4 e5 2. Nf3 Nc6 3. Bc4 Bc5 4. O-O d6 5. c3 Nf6 6. d3 a6 7. Bb3 h6 8. Re1 O-O 9. Nbd2 Ba7 10. Nf1 Ne7 11. d4 Ng6 12. h3 Re8 13. Ng3 Be6 14. Be3 Bxb3 15. Qxb3 Qc8 16. Rad1 b5 17. c4 exd4 18. Bxd4 Ne5 19. c5 Nxf3+ 20. Qxf3 Re6 21. Nf5 Ne8 22. b4 dxc5 23. bxc5 Kf8 24. Qc3 f6 25. e5 c6 26. Qf3 Bb8 27. exf6 Nxf6 28. Nxh6 Ra7 29. Rxe6 Qxe6 30. Bxf6 1-0

[Event "1st Bangalore GM-Open-A 2024"]
[Site "Bangalore"]
[Date "2024.01.18"]
[Round "1.38"]
[White "Vignesh Advaith Vemula"]
[Black "Thilakarathne, G M H"]
[Result "0-1"]
[ECO "C70"]
[WhiteElo "2028"]
[BlackElo "2391"]
[Annotator "RC"]
[PlyCount "136"]
[EventDate "2024.01.20"]
[EventType "swiss"]
[EventCountry "IND"]
[SourceTitle "playchess.com"]
[Source "ChessBase"]
[SourceQuality "1"]
[TimeControl "5400+30"]

1. e4 e5 2. Nf3 Nc6 3. Bb5 a6 4. Ba4 g6 5. c3 Bg7 6. d4 exd4 7. cxd4 b5 8. Bb3 Nge7 9. O-O d6 10. h3 O-O 11. Nc3 Na5 12. Bc2 c5 13. Bf4 cxd4 14. Nxd4 Nc4 15. b3 Na3 16. Nce2 Nxc2 17. Qxc2 Bb7 18. Rad1 Rc8 19. Qd3 Re8 20. Rfe1 Qb6 21. Ng3 b4 22. Nde2 d5 23. e5 Nc6 24. Be3 d4 25. Nxd4 Nxe5 26. Qe2 Qf6 27. Qd2 Nc6 28. Nf3 Red8 29. Qe2 Ne5 30. Rxd8+ Rxd8 31. Nxe5 Qxe5 32. Rd1 Rxd1+ 33. Qxd1 Qd5 34. Qxd5 Bxd5 35. Ne2 Be4 36. Bc5 Bb1 37. Bxb4 Bxa2 38. Nc1 Bb1 39. Bd2 Kf8 40. Kf1 Ke7 41. Ke2 Kd6 42. Bf4+ Kc6 43. Kd2 Be4 44. g3 f6 45. h4 h6 46. Nd3 g5 47. hxg5 fxg5 48. Be5 Bf8 49. Bf6 Kb5 50. Kc3 Bd5 51. f4 gxf4 52. Nxf4 Bf7 53. Nd3 Bd6 54. Be5 Be7 55. Bd4 Be6 56. Nf4 Bb4+ 57. Kb2 Bg4 58. Nd5 Bd6 59. Nc3+ Kc6 60. Ne4 Bc7 61. Bf2 Bf5 62. Nc3 Be5 63. Be1 Kc5 64. Ka3 Kd4 65. Bd2 Kd3 66. Bxh6 Bxc3 67. Bf8 Kc2 68. b4 Bd7 0-1

[Event "1st Bangalore GM-Open-A 2024"]
[Site "Bangalore"]
[Date "2024.01.18"]
[Round "1.39"]
[White "Aradhya, Garg"]
[Black "Badrinath, S.."]
[Result "1/2-1/2"]
[ECO "A49"]
[WhiteElo "2390"]
[BlackElo "2026"]
[Annotator "RC"]
[PlyCount "183"]
[EventDate "2024.01.20"]
[EventType "swiss"]
[EventCountry "IND"]
[SourceTitle "playchess.com"]
[Source "ChessBase"]
[SourceQuality "1"]
[TimeControl "5400+30"]

1. d4 Nf6 2. Nf3 g6 3. g3 Bg7 4. Bg2 O-O 5. O-O d6 6. Nc3 Nbd7 7. a4 a5 8. b3 Re8 9. Ba3 e5 10. dxe5 Ng4 11. Qd2 Ngxe5 12. Nxe5 Nxe5 13. Rad1 h5 14. h3 Bd7 15. Kh2 Qc8 16. Nd5 Qd8 17. Nxc7 Qxc7 18. Bxd6 Qb6 19. Bxe5 Rxe5 20. Qxd7 Rxe2 21. Qxb7 Qxb7 22. Bxb7 Rb8 23. Ba6 Rxc2 24. Bc4 Bc3 25. Rd7 Rf8 26. Rc7 Rd2 27. Bxf7+ Rxf7 28. Rxc3 Rfxf2+ 29. Rxf2 Rxf2+ 30. Kg1 Rb2 31. Rc6 Kg7 32. Rb6 g5 33. Kf1 h4 34. gxh4 gxh4 35. Rb5 Kg6 36. Ke1 Kh6 37. Kd1 Kg6 38. Kc1 Rh2 39. Rxa5 Rxh3 40. Kb2 Rf3 41. Ra8 Rf7 42. Rg8+ Rg7 43. Rd8 h3 44. Rd1 h2 45. Rh1 Rh7 46. a5 Kf5 47. a6 Ke5 48. a7 Rxa7 49. Rxh2 Kd5 50. Rc2 Kd6 51. Rc4 Rc7 52. Rb4 Kc6 53. Kc3 Rh7 54. Rg4 Kb6 55. Kb4 Kb7 56. Rg6 Rh4+ 57. Kb5 Rh5+ 58. Ka4 Rh4+ 59. b4 Rh5 60. Rf6 Rg5 61. Re6 Rh5 62. Re4 Rh1 63. Rg4 Rh5 64. Rf4 Rg5 65. Rc4 Kb6 66. Rf4 Kb7 67. Re4 Rh5 68. Rg4 Rf5 69. Rg7+ Kb6 70. Rh7 Rg5 71. Rh6+ Kb7 72. Rf6 Rh5 73. Re6 Rg5 74. Rh6 Rf5 75. b5 Rf1 76. Rh3 Ra1+ 77. Kb4 Rb1+ 78. Rb3 Rxb3+ 79. Kxb3 Kb6 80. Kb4 Kb7 81. Ka5 Ka7 82. Kb4 Kb6 83. Kc4 Kb7 84. Kc5 Kc7 85. b6+ Kb7 86. Kb5 Kb8 87. Ka6 Ka8 88. Ka5 Kb7 89. Kb5 Kb8 90. Kc6 Kc8 91. b7+ Kb8 92. Kb6 1/2-1/2

[Event "1st Bangalore GM-Open-A 2024"]
[Site "Bangalore"]
[Date "2024.01.18"]
[Round "1.40"]
[White "Abhay Bandewar"]
[Black "Audi Ameya"]
[Result "1/2-1/2"]
[ECO "E94"]
[WhiteElo "2025"]
[BlackElo "2385"]
[Annotator "RC"]
[PlyCount "142"]
[EventDate "2024.01.20"]
[EventType "swiss"]
[EventCountry "IND"]
[SourceTitle "playchess.com"]
[Source "ChessBase"]
[SourceQuality "1"]
[TimeControl "5400+30"]

1. d4 Nf6 2. c4 g6 3. Nc3 Bg7 4. e4 d6 5. Nf3 O-O 6. Be2 e5 7. O-O Na6 8. Be3 Qe7 9. d5 Ng4 10. Bg5 f6 11. Bd2 f5 12. Ne1 Nf6 13. f3 f4 14. Nd3 Nc5 15. Be1 Nxd3 16. Qxd3 g5 17. b4 Rf7 18. Bf2 g4 19. Bh4 h5 20. Rfc1 Qf8 21. Qd1 Bh6 22. Bxf6 Rxf6 23. Rc2 Rg6 24. c5 Qd8 25. Kh1 g3 26. cxd6 cxd6 27. Nb5 Qh4 28. Qg1 Bd7 29. Rac1 Kh8 30. Rc7 gxh2 31. Qxh2 Qxh2+ 32. Kxh2 Bxb5 33. Bxb5 Rag8 34. R1c2 R6g7 35. Bd7 Rb8 36. b5 Bg5 37. Bf5 Rf8 38. Rc8 Rxc8 39. Rxc8+ Rg8 40. Rc7 Rg7 41. Bd7 Bd8 42. Rxb7 Bb6 43. a4 Kh7 44. a5 Bxa5 45. Rxa7 Bb6 46. Rb7 Bf2 47. Bf5+ Kh6 48. Rb8 Ra7 49. Rg8 Ra1 50. Rg6+ Kh7 51. Rg5+ Kh8 52. Rxh5+ Kg7 53. Kh3 Rh1+ 54. Kg4 Rxh5 55. Kxh5 Kf6 56. Kg4 Ke7 57. Kg5 Be3 58. Bh3 Bd4 59. Kg4 Bf2 60. Kf5 Be3 61. Kg6 Bf2 62. Kh5 Kf6 63. g4 fxg3 64. Kg4 Ke7 65. Kf5 Be3 66. Bg2 Bd4 67. f4 exf4 68. Kxf4 Be5+ 69. Ke3 Kd8 70. Kd3 Kc7 71. Kc4 Kb6 1/2-1/2